 Dungeon Crawl Stone Soup version 0.29.0-5-ge4962eb29e (webtiles) character file.

Game seed: 13198990810363346035

326 themarg the Caller (level 6, -2/44 HPs)
             Began as a Gnoll Wanderer on Aug 28, 2022.
             Slain by Edmund
             ... wielding a +2 flail of protection
              (8 damage)
             ... on level 4 of the Dungeon.
             The game lasted 00:16:03 (4808 turns).

themarg the Caller (Gnoll Wanderer)                 Turns: 4808, Time: 00:16:04

Health: -2/44      AC:  3    Str: 11    XL:     6   Next: 49%
Magic:  10/11      EV: 18    Int: 22    God:
Gold:   124        SH:  0    Dex: 14    Spells: 8/12 levels left

rFire   . . .      SeeInvis .   E - +6 falchion "Qogisoha" {vorpal, Fragile rCorr Int+8 Dex+3}
rCold   . . .      Faith    .   (no shield)
rNeg    . . .      Spirit   .   d - +0 robe
rPois   .          Reflect  .   (no helmet)
rElec   .          Harm     .   f - +0 cloak
rCorr   +          Rampage  .   (no gloves)
Will    .....                   (no boots)
Stlth   ++........              (no amulet)
HPRegen 0.14/turn               h - +4 ring of evasion
MPRegen 0.12/turn               (no ring)

@: no status effects
A: fangs 1, strong nose, distributed training
a: no special abilities


You were on level 4 of the Dungeon.
You visited 1 branch of the dungeon, and saw 4 of its levels.

You collected 124 gold pieces.

Inventory:

Hand Weapons
 i - a +2 mace of holy wrath
 s - a +2 vampiric short sword
 B - a +2 hand axe of freezing
 E - the +6 falchion "Qogisoha" (weapon) {vorpal, Fragile rCorr Int+8 Dex+3}
   (You found it on level 4 of the Dungeon)

   It inflicts extra damage upon your enemies.
   Int:       It affects your intelligence (+8).
   Dex:       It affects your dexterity (+3).
   rCorr:     It protects you from acid and corrosion.
   Fragile:   It will be destroyed if unequipped.
Missiles
 g - a throwing net
 o - 8 curare-tipped darts
 p - 7 poisoned darts
Armour
 b - a +0 cloak
 d - a +0 robe (worn)
 f - a +0 cloak (worn)
Jewellery
 h - a +4 ring of evasion (left hand)
 y - a ring of wizardry
Wands
 C - a wand of roots (8)
Scrolls
 a - 2 scrolls of poison {unknown}
 l - a scroll of magic mapping {unknown}
 m - a scroll of amnesia {unknown}
 n - 5 scrolls of identify {unknown}
 u - 2 scrolls of fear {unknown}
 v - a scroll of butterflies {unknown}
 A - a scroll of immolation {unknown}
 D - a scroll of teleportation {unknown}
Potions
 c - 2 potions of mutation
 j - a potion of ambrosia
 k - a potion of resistance {unknown}
 q - a potion of lignification {unknown}
 r - a potion of brilliance {unknown}
 t - a potion of degeneration {unknown}
 w - a potion of cancellation {unknown}
 x - a potion of attraction
 z - a potion of curing {unknown}
Miscellaneous
 e - a phantom mirror


   Skills:
 + Level 2.1 Fighting
 + Level 2.1 Short Blades
 + Level 2.1 Long Blades
 + Level 2.1 Axes
 + Level 2.1 Maces & Flails
 + Level 2.1 Polearms
 + Level 2.1 Staves
 + Level 2.1 Ranged Weapons
 + Level 2.1 Throwing
 + Level 2.1 Armour
 + Level 5.0 Dodging
 + Level 2.1 Stealth
 + Level 2.1 Shields
 + Level 2.1 Unarmed Combat
 + Level 3.5 Spellcasting
 + Level 1.6 Conjurations
 + Level 1.6 Hexes
 + Level 7.3 Summonings
 + Level 1.6 Necromancy
 + Level 1.6 Translocations
 + Level 1.6 Transmutations
 + Level 1.6 Fire Magic
 + Level 1.6 Ice Magic
 + Level 1.6 Air Magic
 + Level 1.6 Earth Magic
 + Level 1.6 Poison Magic
 + Level 3.5 Invocations
 + Level 5.0 Evocations


You had 8 spell levels left.
You knew the following spells:

 Your Spells              Type           Power      Damage    Failure   Level
a - Summon Small Mammal   Summ           100%       N/A       1%          1
b - Summon Guardian Gole  Hex/Summ       23%        N/A       5%          3

Your spell library contained the following spells:

 Spells                   Type           Power      Damage    Failure   Level


Dungeon Overview and Level Annotations

Branches:
Dungeon (4/15)
 Temple: D:4-7

Altars:

Shops:
D:3 (

Annotations:
D:4 Edmund, Menkaure


Innate Abilities, Weirdness & Mutations

You have very sharp teeth.
Your uncanny sense of smell can sniff out nearby items.
Your experience applies equally to all skills.


Message History

Your +2 mace of holy wrath stops glowing.
You feel clever.
You feel agile.
E - the +6 falchion "Qogisoha" (weapon)
{vorpal, Fragile rCorr Int+8 Dex+3} You hit Edmund but do no damage.
Your quokka bites Edmund.
Edmund hits you with a +2 flail of protection.
Your quokka bites Edmund.
You hit Edmund but do no damage. You bite Edmund, but do no damage.
Edmund is lightly wounded.
Your quokka barely misses Edmund.
Edmund misses you.
You barely miss Edmund.
Edmund is lightly wounded.
Your quokka bites Edmund but does no damage.
Your quokka barely misses Edmund.
Edmund hits you with a +2 flail of protection.
Your quokka bites Edmund.
Your quokka barely misses Edmund.
You slash Edmund!
Edmund is severely wounded.
Edmund hits you with a +2 flail of protection!
Your quokka barely misses Edmund.
Your quokka bites Edmund.
Edmund hits you with a +2 flail of protection!
* * * LOW HITPOINT WARNING * * *
You closely miss Edmund.
Edmund is severely wounded.
Your quokka disappears in a puff of smoke!
Your quokka closely misses Edmund. x2
Edmund hits you with a +2 flail of protection.
* * * LOW HITPOINT WARNING * * *
You barely miss Edmund.
Edmund is severely wounded.
Your quokka bites Edmund but does no damage.
Edmund hits you with a +2 flail of protection.
* * * LOW HITPOINT WARNING * * *
You slash Edmund!
Edmund is almost dead.
Your quokka misses Edmund. Edmund completely misses you.
Your quokka bites Edmund but does no damage.
You closely miss Edmund.
Edmund is almost dead.
Edmund hits you with a +2 flail of protection!
You die...

#.........#
#.........#
#.....[...# ######
#.........# .#>..##
#.........# ...(..##
#...r9....# .......#
#...@.....# .......#
#..@....?.# .......#
#.........# ......##
#.......... .....##
##...###### #.####
##....# ....# #####
#.....# ∆
....###..~####....#∆
∆ #...# b~b..
#....)# ∆
#...#########.....#


You could see Edmund (ally target), a friendly guardian golem (summoned) and a
friendly quokka (summoned, sheltered).

Vanquished Creatures
  A bullfrog (D:4)
  A scorpion (D:3)
  Ijyb (D:3)
  An adder (D:4)
  A gnoll (D:1)
  An ufetubus (D:3)
  2 worms
  A dart slug (D:1)
  2 orcs (D:3)
  A bat (D:2)
  5 endoplasms
  2 giant cockroaches
  5 goblins
  5 hobgoblins
  A jackal (D:4)
  3 quokkas
  7 ball pythons
  A frilled lizard (D:3)
  5 kobolds
  2 rats
48 creatures vanquished.

Vanquished Creatures (collateral kills)
  4 adders
  2 dart slugs
  6 orcs
  4 ball pythons
  5 endoplasms
  A giant cockroach (D:4)
  5 goblins
  4 hobgoblins
  2 jackals (D:4)
  A quokka (D:1)
  3 bats (D:2)
  2 frilled lizards
  4 kobolds
  6 rats
49 creatures vanquished.

Vanquished Creatures (others)
  15 fungi (D:4)
15 creatures vanquished.

Grand Total: 112 creatures vanquished

Notes
Turn   | Place    | Note
-------+----------+-------------------------------------------
     0 | D:1      | themarg the Gnoll Wanderer began the quest for the Orb.
     0 | D:1      | themarg set off with the following items: a +0 club, a +0
                  | cloak, a potion of mutation, a +0 robe, a phantom mirror;
                  | and the following spell memorised: Summon Small Mammal; and
                  | the following spells available to memorise: Summon Guardian
                  | Golem.
     0 | D:1      | Reached XP level 1. HP: 13/13 MP: 4/4
   384 | D:1      | Reached XP level 2. HP: 19/19 MP: 2/5
   955 | D:1      | Reached XP level 3. HP: 25/25 MP: 5/7
  1751 | D:2      | Reached skill level 1 in Fighting
  1751 | D:2      | Reached skill level 1 in Short Blades
  1751 | D:2      | Reached skill level 1 in Long Blades
  1751 | D:2      | Reached skill level 1 in Axes
  1751 | D:2      | Reached skill level 1 in Maces & Flails
  1751 | D:2      | Reached skill level 1 in Polearms
  1751 | D:2      | Reached skill level 1 in Staves
  1751 | D:2      | Reached skill level 1 in Ranged Weapons
  1751 | D:2      | Reached skill level 1 in Throwing
  1751 | D:2      | Reached skill level 1 in Armour
  1751 | D:2      | Reached skill level 1 in Stealth
  1751 | D:2      | Reached skill level 1 in Shields
  1751 | D:2      | Reached skill level 1 in Unarmed Combat
  2188 | D:2      | Reached XP level 4. HP: 26/32 MP: 6/8
  2596 | D:2      | Reached skill level 1 in Conjurations
  2596 | D:2      | Reached skill level 1 in Hexes
  2596 | D:2      | Reached skill level 1 in Necromancy
  2596 | D:2      | Reached skill level 1 in Translocations
  2596 | D:2      | Reached skill level 1 in Transmutations
  2596 | D:2      | Reached skill level 1 in Fire Magic
  2596 | D:2      | Reached skill level 1 in Ice Magic
  2596 | D:2      | Reached skill level 1 in Air Magic
  2596 | D:2      | Reached skill level 1 in Earth Magic
  2596 | D:2      | Reached skill level 1 in Poison Magic
  2852 | D:3      | Found a faded altar of an unknown god.
  3002 | D:3      | Found Vuff's Weapon Boutique.
  3240 | D:3      | Reached XP level 5. HP: 36/37 MP: 6/9
  3653 | D:3      | Noticed Ijyb
  3786 | D:3      | Killed Ijyb
  4193 | D:4      | Reached XP level 6. HP: 43/44 MP: 9/11
  4260 | D:4      | Noticed a black bear
  4316 | D:4      | Noticed Menkaure
  4466 | D:3      | Learned a level 3 spell: Summon Guardian Golem
  4505 | D:4      | Reached skill level 5 in Dodging
  4505 | D:4      | Reached skill level 5 in Evocations
  4796 | D:4      | Noticed Edmund
  4798 | D:4      | Identified the +6 falchion "Qogisoha" {vorpal, Fragile
                  | rCorr Int+8 Dex+3}
  4808 | D:4      | Slain by Edmund

Illustrated notes

Levels and vault maps discovered:
D:1:      ncdulo_smallfort, layout_basic
D:2:      layout_loops_cross
D:3:      minmay_razor_zed, layout_rooms, ebering_ecumenical_altar_mist,
          serial_shops, nicolae_shop_hallway_plus, uniq_ijyb
D:4:      layout_rooms, nicolae_sif_muna_little_library, serial_shops,
          nicolae_shop_trees, serial_aquarium, aquarium_bridge_square
          [aquarium_subvault_bridge, aquarium_subvault_wall,
          aquarium_subvault_bridge, aquarium_subvault_window],
          aquarium_window_corridor_2, aquarium_window_1, aquarium_window_1,
          aquarium_view_2c, aquarium_balcony_1a, nicolae_shop_i_like_big_books,
          uniq_crazy_yiuf_cottage, uniq_edmund, uniq_menkaure

Skill      XL: |  1  2  3  4  5  6 |
---------------+-------------------+-----
Fighting       | 1 2 |  2.1
Short Blades   | 1 2 |  2.1
Long Blades    | 1 2 |  2.1
Axes           | 1 2 |  2.1
Maces & Flails | 1 2 |  2.1
Polearms       | 1 2 |  2.1
Staves         | 1 2 |  2.1
Ranged Weapons | 1 2 |  2.1
Throwing       | 1 2 |  2.1
Armour         | 1 2 |  2.1
Stealth        | 1 2 |  2.1
Shields        | 1 2 |  2.1
Unarmed Combat | 1 2 |  2.1
Spellcasting   | 3 |  3.5
Conjurations   | 1 |  1.6
Hexes          | 1 |  1.6
Necromancy     | 1 |  1.6
Translocations | 1 |  1.6
Transmutations | 1 |  1.6
Fire Magic     | 1 |  1.6
Ice Magic      | 1 |  1.6
Air Magic      | 1 |  1.6
Earth Magic    | 1 |  1.6
Poison Magic   | 1 |  1.6
Invocations    | 3 |  3.5
Dodging        | 5 |  5.0
Evocations     | 5 |  5.0
Summonings     | |  7.3

Action                   |  1- 3 |  4- 6 || total
-------------------------+-------+-------++-------
Melee: Dagger            |    41 |       ||    41
       Club              |     5 |       ||     5
       Bite              |    12 |     9 ||    21
       Mace              |    37 |   111 ||   148
       Punch             |     1 |     1 ||     2
       Falchion          |       |     8 ||     8
 Cast: Summon Small Mamm |    44 |    49 ||    93
       Summon Guardian G |       |     2 ||     2
  Use: Potion            |       |     2 ||     2
 Stab: Distracted        |     1 |     2 ||     3
       Sleeping          |       |     2 ||     2
Armor: Robe              |    12 |    12 ||    24
Dodge: Dodged            |    67 |   130 ||   197
